 Dungeon Crawl Stone Soup version 0.27-a0-1136-g0b992a5a9d (webtiles) character file.

Game seed: 3609691870742358984

18 leviel the Shield-Bearer (level 2, 0/27 HPs)
             Began as a Minotaur Fighter on May 6, 2021.
             Frozen to death by an endoplasm (4 damage)
             ... on level 2 of the Dungeon.
             The game lasted 00:00:45 (576 turns).

leviel the Shield-Bearer (Minotaur Fighter)          Turns: 576, Time: 00:00:45

Health: 0/27       AC:  7    Str: 20    XL:     2   Next: 48%
Magic:  1/1        EV:  7    Int:  5    God:
Gold:   12         SH:  9    Dex:  9    Spells: 1/1 levels left

rFire    . . .     SeeInvis .   a - +0 war axe
rCold    . . .     Faith    .   c - +0 kite shield
rNeg     . . .     Spirit   .   b - +0 scale mail
rPois    .         Reflect  .   (helmet restricted)
rElec    .         Harm     .   (no cloak)
rCorr    .         Rampage  .   (no gloves)
Will     .....                  (no boots)
Stlth    ..........             (no amulet)
HPRegen  0.09/turn              (no ring)
MPRegen  0.07/turn              (no ring)

@: mighty
A: horns 2, retaliatory headbutt
a: no special abilities


You were on level 2 of the Dungeon.
You visited 1 branch of the dungeon, and saw 2 of its levels.

You collected 12 gold pieces.

Inventory:

Hand Weapons
 a - a +0 war axe (weapon)
Armour
 b - a +0 scale mail (worn)
 c - a +0 kite shield (worn)
Scrolls
 f - a scroll of blinking {unknown}
 g - a scroll of magic mapping {unknown}
 h - a scroll of noise {unknown}
Potions
 e - a potion of magic {unknown}


   Skills:
 + Level 3.9 Fighting
 * Level 2.7 Axes
 + Level 3.9 Armour
 + Level 4.0 Shields


You had one spell level left.
You didn't know any spells.
Your spell library was empty.

Dungeon Overview and Level Annotations

Branches:
Dungeon (2/15)

Altars:


Innate Abilities, Weirdness & Mutations

You have a pair of horns on your head.
You reflexively headbutt those who attack you in melee.


Message History

You see here a bat skeleton.
You see here 16 stones.
You see here a +0 hunting sling.
There is a stone staircase leading down here.
You climb downwards.
There is a stone staircase leading up here.
Found a stone staircase leading up.
An endoplasm and a phantom come into view.
The endoplasm quivers.
The phantom moves out of view.
An endoplasm is nearby!
An endoplasm is nearby!
A hobgoblin comes into view.
The hobgoblin shouts!
You closely miss the phantom. The phantom hits you.
The phantom blinks!
You blink.
A rat comes into view.
Found a scroll labelled LAOGASI WETT and a scroll labelled VOMECU TYOVAID.
You hit the phantom. Your headbutt misses the phantom.
The phantom is lightly damaged.
The phantom barely misses you. You block the phantom's attack.
You slash the phantom!
The phantom is moderately damaged.
The phantom hits you.
The phantom blinks!
You blink.
The endoplasm hits you.
You slash the phantom! Your headbutt misses the phantom.
The phantom is severely damaged.
You hit the endoplasm. The phantom hits you!
* * * LOW HITPOINT WARNING * * *
The phantom blinks!
You blink.
The hobgoblin hits you but does no damage.
The endoplasm freezes you.
You are frozen.
* * * LOW HITPOINT WARNING * * *
The hobgoblin hits you but does no damage.
You block the phantom's attack.
You feel very mighty all of a sudden. You block the phantom's attack.
The endoplasm freezes you.
You are frozen.
You die...

###.## #..#####
##.#...
#.#.####.#
#.........
##........
#####....###<.
##.WJ.§..##
##..@g§#####
#......♣≈♣≈≈.
###.#r♣.♣P≈≈P≈♣
....≈≈P.≈≈≈P≈≈≈
# #♣≈≈≈.≈P≈≈≈PP
♣≈≈≈.≈≈≈≈≈P♣
♣≈≈≈≈.≈≈≈≈≈≈≈
♣≈≈PP?≈≈≈≈≈≈≈
♣≈≈≈≈P.≈≈≈♣♣♣♣


You could see a phantom, an endoplasm, a hobgoblin and a rat.

Vanquished Creatures
  3 bats (D:1)
  An endoplasm (D:1)
  A giant cockroach (D:1)
  2 goblins (D:1)
  3 hobgoblins (D:1)
  A quokka (D:1)
  A ball python (D:1)
  2 frilled lizards (D:1)
  2 rats (D:1)
16 creatures vanquished.

Notes
Turn   | Place    | Note
-------+----------+-------------------------------------------
     0 | D:1      | leviel the Minotaur Fighter began the quest for the Orb.
     0 | D:1      | Reached XP level 1. HP: 19/19 MP: 0/0
   333 | D:1      | Reached XP level 2. HP: 27/27 MP: 1/1
   374 | D:1      | Reached skill level 4 in Shields
   569 | D:2      | Noticed a phantom
   576 | D:2      | Frozen to death by an endoplasm

Illustrated notes

Levels and vault maps discovered:
D:1:      dpeg_arrival_more_subterranean_lakeside_camping, layout_basic
D:2:      layout_rooms, st_stairs_1, chequers_serial_rivers_large_a,
          serial_bayou_lagoon_b

Skill      XL: |  1  2 |
---------------+-------+-----
Shields        | 4 |  4.0
Fighting       | |  3.9
Axes           | |  2.7
Armour         | |  3.9

Action                   || total
-------------------------++-------
Melee: War axe           ||    39
       Headbutt          ||     3
  Use: Potion            ||     1
Armor: Scale mail        ||    21
Dodge: Dodged            ||    16
Block: Kite shield       ||    27

Table legend: (Time is in decaauts)
 A = Elapsed time spent in this place.
 B = Non-inter-level travel time spent in this place.
 C = Inter-level travel time spent in this place.
 D = Time resting spent in this place.
 E = Time spent auto-exploring this place.
 F = Levels seen in this place.
 G = Mean time per level.
                   A        B        C        D        E       F      G
               +--------+--------+--------+--------+--------+-----+--------+
         Total |    600 |    564 |     36 |      0 |    457 |   2 |  300.0 |
       Dungeon |    600 |    564 |     36 |      0 |    457 |   2 |  300.0 |
               +--------+--------+--------+--------+--------+-----+--------+

Top non-repeatable levels by time:
     D:1: 584 daAuts
     D:2: 16 daAuts
